Map: Pillars of Gold LE

Players

Probe - Winner!

  • Race: Protoss Protoss
  • League: Master
  • Spawn Location: 7:00

RiSky

  • Race: Zerg Zerg
  • Spawn Location: 1:00

Event: DreamHack SC2 Masters 2020 Fall

VOD

Have the link to the VOD?

Description

Time

  • Played on: Aug. 28, 2020, 5:24 a.m.
  • Length: 22:24

All games in this series

Show
View Real Time Build Order
Export as new Build Order

Probe Protoss - Winner!

Build Orders: 1 Gate Expand, Oracle Opening, Carriers 

Get SALT Encoding   

  12  0:00  Probe  
  13  0:12  Probe  
  14  0:19  Pylon  
  14  0:24  Probe  
  15  0:37  Probe (Chrono Boost)  
  16  0:44  Gateway  
  16  0:47  Probe (Chrono Boost)  
  17  0:53  Assimilator, Probe  
  18  1:05  Probe  
  19  1:17  Probe  
  20  1:31  Nexus  
  21  1:42  Cybernetics Core  
  21  1:45  Probe  
  21  1:53  Assimilator  
  21  1:57  Probe  
  22  2:01  Pylon  
  22  2:09  Probe  
  23  2:17  Adept (Chrono Boost), Probe  
  26  2:25  Probe  
  27  2:31  Stargate  
  27  2:35  Probe  
  27  2:38  Adept (Chrono Boost)  
  30  2:44  Probe  
  30  2:47  Warp Gate, Probe  
  32  2:56  Probe  
  33  2:59  Probe  
  33  3:03  Stalker  
  36  3:08  Probe  
  36  3:11  Probe  
  38  3:18  Oracle (Chrono Boost)  
  38  3:20  Probe  
  38  3:24  Pylon, Probe  
  43  3:32  Probe  
  44  3:36  Probe  
  45  3:41  Gateway  
  45  3:44  Probe  
  45  3:46  Oracle (Chrono Boost)  
  45  3:48  Probe  
  50  3:57  Probe  
  50  3:59  Pylon  
  50  4:00  Probe, Pylon  
  50  4:02  Shield Battery  
  50  4:09  Probe  
  51  4:12  Assimilator, Probe  
  51  4:16  Assimilator  
  52  4:21  Probe  
  53  4:24  Probe  
  53  4:28  Pylon  
  53  4:33  Probe  
  53  4:36  Probe  
  55  4:38  Adept  
  55  4:45  Adept, Probe  
  57  4:48  Probe  
  57  4:49  Pylon  
  60  4:52  Nexus  
  60  4:57  Probe  
  61  5:00  Probe  
  61  5:04  Twilight Council  
  61  5:05  Forge  
  62  5:09  Probe  
  62  5:10  Sentry  
  62  5:11  Sentry  
  62  5:12  Probe  
  65  5:16  Shield Battery  
  65  5:21  Blink (Chrono Boost), Probe  
  65  5:22  Gateway x2  
  65  5:25  Probe  
  67  5:33  Probe  
  67  5:34  Sentry x2, Protoss Ground Weapons Level 1 (Chrono Boost)  
  72  5:43  Pylon  
  72  5:45  Probe  
  72  5:51  Gateway  
  72  5:53  Gateway, Probe  
  73  5:57  Sentry x2  
  73  5:58  Probe  
  78  6:05  Probe (Chrono Boost)  
  78  6:08  Probe (Chrono Boost)  
  78  6:10  Probe (Chrono Boost)  
  81  6:17  Robotics Facility, Probe (Chrono Boost)  
  83  6:20  Probe (Chrono Boost)  
  83  6:21  Probe (Chrono Boost)  
  83  6:22  Probe (Chrono Boost)  
  83  6:23  Stalker x2  
  83  6:25  Probe (Chrono Boost)  
  89  6:28  Pylon  
  89  6:29  Probe, Stalker  
  89  6:31  Probe  
  94  6:34  Photon Cannon  
  94  6:36  Probe  
  95  6:43  Probe x2  
  95  6:44  Assimilator  
  97  6:48  Assimilator  
  97  6:49  Stalker x2  
  97  6:52  Shield Battery  
  97  6:53  Probe  
  102  6:54  Pylon  
  102  6:55  Probe  
  102  6:59  Stalker  
  102  7:00  Stalker  
  107  7:04  Observer (Chrono Boost)  
  107  7:06  Robotics Bay  
  108  7:16  Stalker  
  108  7:17  Stalker x3  
  108  7:20  Pylon x3  
  116  7:27  Photon Cannon  
  116  7:33  Shield Battery  
  116  7:36  Warp Prism (Chrono Boost), Pylon  
  116  7:38  Pylon  
  116  7:39  Protoss Ground Weapons Level 2 (Chrono Boost)  
  118  7:44  Charge (Chrono Boost)  
  118  7:45  Gateway  
  118  7:49  Pylon  
  114  8:01  Sentry, Colossus (Chrono Boost)  
  114  8:04  Nexus  
  122  8:13  Extended Thermal Lance  
  122  8:20  Gateway, Stalker x3  
  122  8:25  Pylon  
  128  8:28  Zealot x2, Pylon  
  132  8:35  Gateway  
  132  8:40  Stalker  
  134  8:43  Colossus (Chrono Boost)  
  140  8:49  Zealot  
  140  8:50  Zealot x3  
  148  8:57  Shield Battery  
  148  8:59  Shield Battery  
  148  9:01  Shield Battery  
  148  9:11  Sentry x2  
  148  9:12  Zealot x5  
  162  9:33  Stalker x6  
  160  9:46  Stalker  
  160  9:47  Stalker  
  160  9:49  Colossus (Chrono Boost)  
  163  9:57  Zealot x5  
  177  10:06  Zealot  
  177  10:09  Dark Shrine, Probe x3  
  178  10:22  Stalker x4  
  178  10:25  Assimilator x2  
  178  10:28  Templar Archives  
  186  10:30  Pylon  
  186  10:34  Photon Cannon  
  186  10:36  Warp Prism  
  186  10:39  Pylon  
  186  10:53  Photon Cannon  
  186  10:54  Photon Cannon  
  186  10:56  Zealot x3, Photon Cannon  
  186  10:57  Protoss Ground Weapons Level 3 (Chrono Boost), Photon Cannon  
  180  11:11  High Templar x5  
  184  11:13  High Templar  
  184  11:14  Psionic Storm  
  184  11:17  Archon  
  184  11:18  Archon  
  186  11:19  Archon  
  186  11:20  Shadow Stride (Chrono Boost)  
  182  11:27  Probe x3  
  182  11:30  Photon Cannon  
  182  11:32  Pylon  
  185  11:34  Pylon  
  185  11:38  Dark Templar x3  
  183  11:54  Colossus  
  183  11:59  Stalker x2  
  183  12:00  Stalker x4  
  183  12:01  Probe x2  
  191  12:09  Pylon  
  191  12:10  Pylon  
  182  12:23  Stargate, Probe x3  
  182  12:27  Stargate  
  183  12:32  Dark Templar  
  185  12:38  Nexus  
  185  12:45  Dark Templar  
  185  12:46  Dark Templar x2  
  185  12:48  Warp Prism, Zealot  
  195  12:53  Zealot x2  
  199  13:00  Pylon  
  199  13:09  Sentry  
  199  13:10  Sentry x3  
  187  13:19  Stalker  
  185  13:20  Stalker x4  
  185  13:26  Fleet Beacon  
  181  13:29  Photon Cannon  
  181  13:30  Photon Cannon  
  181  13:39  High Templar  
  181  13:40  High Templar  
  185  13:52  Zealot x6  
  185  13:53  Zealot  
  181  14:09  Probe x3  
  184  14:11  Shield Battery  
  184  14:13  Shield Battery  
  184  14:14  Stalker x6  
  185  14:21  Dark Templar  
  185  14:22  Dark Templar x2  
  191  14:31  Assimilator  
  189  14:42  Stalker x6  
  194  14:46  Probe  
  194  14:49  Probe  
  194  14:55  Stalker x3  
  176  15:11  Nexus, Dark Templar x2  
  176  15:14  High Templar x4  
  176  15:17  Pylon  
  182  15:25  Dark Templar, Nexus  
  182  15:26  Dark Templar  
  186  15:32  Zealot, Pylon  
  184  15:45  Pylon  
  184  15:47  Dark Templar  
  186  15:52  Zealot x2  
  186  15:53  Zealot x4  
  198  16:03  Dark Templar  
  200  16:10  Stalker  
  196  16:22  Probe x4  
  188  16:30  Zealot x6  
  194  16:51  Protoss Shields Level 1 (Chrono Boost)  
  174  16:56  Carrier x2 (Chrono Boost)  
  174  16:59  Protoss Air Weapons Level 1 (Chrono Boost)  
  190  17:03  Carrier (Chrono Boost)  
  190  17:06  Zealot x2  
  190  17:07  Photon Cannon  
  194  17:09  Assimilator  
  194  17:10  Photon Cannon  
  194  17:12  Photon Cannon x2  
  194  17:13  Assimilator  
  186  17:22  Zealot x7  
  184  17:34  High Templar x2  
  186  17:52  High Templar  
  186  17:53  High Templar  
  186  17:56  Zealot x3  
  186  17:57  Zealot x2  
  200  17:58  Photon Cannon  
  200  18:00  Photon Cannon  
  200  18:04  Carrier  
  196  18:06  Nexus  
  196  18:10  Observer, Pylon  
  193  18:12  Assimilator  
  193  18:18  Assimilator  
  193  18:22  Zealot x3  
  193  18:29  Zealot x5  
  193  18:32  Observer, Archon  
  186  18:50  Zealot x5  
  192  19:11  Pylon  
  192  19:16  Assimilator  
  192  19:17  Photon Cannon  
  192  19:20  High Templar x3  
  192  19:23  High Templar  
  200  19:24  Photon Cannon  
  200  19:28  Shield Battery  
  200  19:30  Photon Cannon  
  170  19:55  Carrier x3  
  170  19:58  Zealot  
  170  19:59  Zealot x2  
  188  20:10  Observer  
  163  20:23  Zealot x2  
  159  20:31  High Templar x4, Observer  
  159  20:35  Archon x2  
  162  20:40  Zealot x3  
  154  20:52  High Templar x2  
  158  20:59  Carrier x2  
  158  21:04  Photon Cannon  
  170  21:05  High Templar, Nexus, Photon Cannon  
  170  21:08  Pylon  
  170  21:10  High Templar x2  
  176  21:14  Archon  
  176  21:19  Dark Templar  
  176  21:20  Zealot x2  
  182  21:27  Zealot  
  182  21:28  Zealot  
  182  21:30  Dark Templar  
  183  21:46  Dark Templar x4  
  191  21:51  Nexus  
  166  22:00  Zealot x4  
Show
View Real Time Build Order
Export as new Build Order

RiSky Zerg 

Build Orders: Hatch First 

Get SALT Encoding   

  12  0:00  Drone  
  13  0:12  Overlord  
  13  0:17  Drone  
  14  0:31  Drone x2  
  16  0:51  Hatchery  
  16  0:54  Drone  
  16  0:57  Drone  
  16  1:02  Drone  
  18  1:12  Extractor  
  18  1:17  Spawning Pool  
  16  1:21  Drone  
  16  1:25  Drone  
  18  1:32  Drone  
  19  1:42  Drone  
  20  1:52  Overlord  
  20  2:03  Queen x2  
  20  2:04  Zergling x2  
  20  2:07  Zergling x2  
  26  2:12  Drone  
  26  2:13  Drone  
  28  2:20  Metabolic Boost  
  28  2:24  Drone  
  28  2:25  Drone  
  30  2:33  Drone  
  31  2:40  Drone  
  32  2:47  Hatchery  
  31  2:51  Overlord  
  31  2:54  Zergling x2  
  31  2:57  Drone  
  33  2:59  Drone  
  33  3:05  Queen  
  34  3:11  Zergling x4  
  38  3:15  Zergling x2  
  39  3:23  Drone  
  39  3:24  Overlord  
  40  3:34  Drone x2, Overlord  
  42  3:41  Queen  
  42  3:46  Spore Crawler  
  43  3:49  Spore Crawler  
  41  3:57  Drone x2  
  41  4:01  Drone x3  
  45  4:03  Drone  
  45  4:04  Drone  
  45  4:09  Drone x2  
  49  4:12  Drone x2  
  49  4:14  Queen  
  49  4:16  Spore Crawler  
  51  4:17  Drone  
  51  4:19  Drone  
  51  4:22  Drone x3  
  55  4:26  Zergling x2  
  56  4:31  Queen  
  56  4:36  Zergling x8  
  62  4:40  Drone  
  62  4:44  Drone x2  
  64  4:49  Drone  
  64  4:52  Overlord  
  64  5:01  Drone  
  64  5:06  Overlord x2  
  65  5:10  Overlord  
  65  5:12  Overlord  
  65  5:16  Drone x2  
  65  5:17  Lair  
  65  5:19  Drone x2  
  65  5:20  Extractor  
  68  5:21  Drone, Extractor  
  68  5:22  Roach Warren  
  68  5:23  Drone x2  
  68  5:24  Drone  
  70  5:29  Drone  
  70  5:30  Drone  
  70  5:35  Drone x3  
  75  5:36  Drone x2  
  75  5:37  Drone x3  
  75  5:41  Drone  
  81  5:45  Drone x2  
  83  5:50  Drone x2  
  83  5:51  Evolution Chamber  
  83  5:52  Overlord  
  83  5:55  Drone x2  
  83  5:56  Extractor  
  85  5:59  Extractor  
  85  6:01  Extractor  
  85  6:02  Drone  
  84  6:10  Drone x2, Hatchery  
  85  6:12  Drone x2  
  85  6:15  Roach x4  
  95  6:21  Overlord  
  95  6:28  Glial Reconstitution  
  95  6:29  Zerg Melee Weapons Level 1  
  95  6:30  Overlord  
  95  6:35  Roach  
  96  6:40  Ravager x4  
  96  6:41  Evolution Chamber  
  96  6:42  Roach x3  
  96  6:43  Overlord x2  
  96  6:44  Overlord x2  
  105  6:51  Roach x4  
  113  6:56  Overlord  
  113  7:13  Ravager x2  
  113  7:14  Drone x11  
  113  7:15  Drone x3  
  129  7:16  Extractor  
  129  7:18  Zerg Missile Weapons Level 1  
  129  7:19  Extractor  
  127  7:23  Drone x2, Baneling Nest  
  128  7:31  Ravager x2  
  128  7:32  Drone  
  128  7:33  Roach  
  128  7:34  Roach x4, Spore Crawler  
  141  7:37  Zergling x6  
  141  7:39  Spore Crawler  
  141  7:41  Zergling x6  
  144  7:51  Zergling x14  
  147  8:02  Drone x3  
  147  8:03  Zergling x2  
  151  8:09  Zergling x4  
  151  8:11  Overlord x2, Centrifical Hooks  
  153  8:14  Overlord x2  
  153  8:21  Overlord x2  
  153  8:28  Zergling x14, Spire  
  153  8:29  Zergling x2  
  153  8:32  Baneling x5  
  153  8:33  Baneling x13  
  162  8:34  Ravager x2  
  162  8:35  Zergling x4  
  162  8:39  Zergling x4  
  165  8:43  Zergling x2  
  165  8:44  Zergling x10  
  165  8:45  Baneling x11  
  165  8:47  Zergling x10  
  176  8:55  Zerg Melee Weapons Level 2  
  175  8:59  Hatchery  
  174  9:06  Drone x2  
  174  9:09  Zergling x12  
  180  9:16  Zerg Missile Weapons Level 2  
  180  9:19  Zergling x22  
  180  9:22  Infestation Pit  
  190  9:28  Zergling x6  
  188  9:43  Corruptor x5  
  187  9:49  Corruptor  
  185  9:54  Queen  
  185  9:59  Corruptor x2  
  183  10:02  Corruptor  
  189  10:07  Baneling  
  189  10:08  Baneling x11  
  189  10:13  Corruptor  
  189  10:19  Corruptor  
  189  10:20  Corruptor x2  
  197  10:31  Baneling x7  
  197  10:32  Baneling, Zerg Flyer Weapons Level 1  
  197  10:34  Drone x2  
  199  10:45  Hive  
  198  10:58  Queen  
  191  11:04  Drone x6  
  191  11:05  Drone x2  
  191  11:07  Zergling x4  
  198  11:12  Baneling x3  
  198  11:15  Zergling x10  
  199  11:20  Zergling x6  
  195  11:31  Zergling x10  
  195  11:32  Baneling x7  
  200  11:33  Baneling x6  
  200  11:39  Zerg Ground Armor Level 1  
  200  11:44  Hydralisk Den  
  200  11:45  Zergling x2  
  199  11:48  Zergling x14  
  199  11:52  Zergling x10  
  194  11:57  Zergling x2  
  194  11:58  Zergling x8  
  189  12:01  Zergling x8  
  189  12:08  Zerg Melee Weapons Level 3, Adrenal Glands  
  189  12:09  Zergling x12  
  189  12:13  Drone x5  
  198  12:22  Drone x2  
  193  12:27  Drone x4  
  197  12:34  Lurker Den  
  197  12:36  Baneling x28  
  197  12:37  Baneling x20  
  196  12:39  Zergling x6  
  199  12:44  Hatchery  
  199  12:48  Spine Crawler, Spore Crawler  
  196  12:56  Extractor  
  193  13:01  Zergling x18  
  192  13:06  Zergling x16  
  185  13:17  Drone x10  
  187  13:24  Overseer x2  
  187  13:25  Pneumatized Carapace  
  184  13:29  Spore Crawler  
  184  13:30  Drone  
  184  13:33  Zerg Missile Weapons Level 3  
  184  13:38  Drone x3, Zergling x2  
  184  13:39  Zergling x10  
  193  13:45  Seismic Spines  
  192  13:49  Zergling x2  
  192  13:50  Zergling x8  
  192  13:53  Zergling x2  
  194  13:58  Zergling x8  
  190  14:03  Drone  
  190  14:08  Drone  
  187  14:21  Drone, Queen x2  
  192  14:26  Drone  
  192  14:27  Drone  
  192  14:29  Hydralisk x2  
  198  14:37  Zergling x6  
  199  14:42  Adaptive Talons  
  199  14:44  Zerg Ground Armor Level 2  
  197  14:49  Baneling x6  
  189  14:56  Zergling x34  
  189  14:58  Zergling x8  
  193  15:05  Zergling x2  
  193  15:06  Zergling x6  
  186  15:14  Lurker  
  186  15:22  Overseer  
  186  15:23  Overseer x2  
  186  15:25  Drone x10  
  196  15:34  Hydralisk x2  
  199  15:47  Zergling x2  
  200  15:53  Baneling x18  
  198  16:06  Zergling x4  
  194  16:12  Muscular Augments  
  194  16:16  Drone x2  
  194  16:17  Drone x10, Hydralisk x2  
  194  16:18  Hydralisk x2  
  191  16:26  Zergling x4  
  193  16:34  Spine Crawler  
  193  16:35  Spine Crawler  
  193  16:37  Zergling x10  
  197  16:47  Lurker x5  
  197  16:52  Zergling x18  
  196  16:55  Hatchery  
  194  17:03  Hydralisk  
  194  17:04  Hydralisk  
  197  17:19  Hydralisk x6  
  197  17:23  Grooved Spines  
  197  17:26  Lurker  
  197  17:42  Baneling x13  
  195  17:57  Zerg Ground Armor Level 3  
  187  18:12  Hydralisk x7, Hatchery  
  186  18:16  Baneling x2  
  195  18:28  Zergling x18  
  195  18:33  Zergling x2  
  195  18:34  Zergling x8  
  199  18:39  Hydralisk  
  199  18:40  Hydralisk x4  
  195  19:01  Overlord x3  
  182  19:05  Hatchery  
  182  19:06  Overlord  
  181  19:14  Lurker x2  
  181  19:15  Overlord x2  
  183  19:26  Corruptor x10  
  195  19:31  Viper  
  195  19:37  Zerg Flyer Weapons Level 2  
  184  19:48  Zergling x2  
  184  19:49  Zergling x20  
  180  19:59  Viper  
  180  20:00  Viper x2  
  180  20:03  Zergling x4  
  185  20:07  Overseer x2  
  181  20:16  Zergling x14  
  181  20:21  Hydralisk x6  
  160  20:26  Hydralisk  
  161  20:31  Hydralisk x2  
  162  20:37  Hydralisk x2  
  157  20:48  Hydralisk x5  
  155  20:58  Lurker x3  
  155  20:59  Lurker x4  
  162  21:07  Extractor  
  162  21:10  Lurker x2  
  163  21:16  Zergling x16  
  163  21:17  Zergling x2  
  170  21:45  Hydralisk x9  
  181  21:52  Hydralisk  
  160  21:57  Zergling x14  

Tags
 
Add a new tag
Caveats
  • Supply blocks, unpowered buildings, or Contaminate may cause inaccurate times.
  • Supply counts are checked every 10 seconds.